 Dungeon Sprint DCSS version 0.20-a0-809-gaf7f668 (webtiles) character file.

7456432 esc the Ninja (level 22, 186/186 (190) HPs)
             Began as a Felid Enchanter on Mar 3, 2017.
             Was the Champion of Wu Jian.
             Escaped with the Orb
             ... and 3 runes!
             The game lasted 01:04:12 (8314 turns).

esc the Ninja (Felid Enchanter)                     Turns: 8314, Time: 01:04:13

HP:   186/186 (190) AC: 28    Str: 16    XL:     22   Next: 53%
MP:   54/54         EV: 22    Int: 27    God:    Wu Jian [******]
Gold: 216           SH:  0    Dex: 17    Spells: 27/75 levels left
                                        Lives: 2   Deaths: 3

rFire    + + +     SeeInvis +     - Unarmed
rCold    + . .     Gourm    .   (armour unavailable)
rNeg     + . .     Faith    .   (shield unavailable)
rPois    +         Spirit   .   (helmet unavailable)
rElec    +         Reflect  .   (cloak unavailable)
rCorr    .         Harm     .   (gloves unavailable)
MR       +++..     NoTele   +   (boots unavailable)
Stlth    ++........             K - amulet "Panij" {rC++ rN+ Regen+ Int+3}
Regen    0.9/turn               G - ring "Zexzot" {rElec AC+6 Dex+4}
MPRegen  0.4/turn               H - ring "Hatucsam" {rF++ AC+6 Dex-4}

@: dragon-form (expiring), flying, very slightly contaminated, glowing, heaven
on earth
A: no armour, no weapons or thrown items, stealth, (claws 0), (fangs 0), see
invisible, carnivore 3, (speed 0), screaming 1, (shaggy fur 0), slow metabolism
1, no potion heal 1, (sharp paws)
0: Orb of Zot
}: 3/15 runes: silver, golden, iron
a: End Transformation, Serpent's Lash, Heaven On Earth, Renounce Religion,
Breathe Fire


You escaped.
You worshipped Wu Jian.
Wu Jian was exalted by your worship.
You were very full.
You were a fearsome dragon!
You visited 1 branch You collected 216 gold pieces.

Inventory:

Jewellery
 G - the ring "Zexzot" (right foreclaw) {rElec AC+6 Dex+4}
   (You found it in the Dungeon)

   [ring of protection]

   It affects your AC (+6).
   It affects your dexterity (+4).
   It insulates you from electricity.
 H - the ring "Hatucsam" (left foreclaw) {rF++ AC+6 Dex-4}
   (You found it in the Dungeon)

   [ring of protection]

   It affects your AC (+6).
   It affects your dexterity (-4).
   It greatly protects you from fire.
 K - the amulet "Panij" (around neck) {rC++ rN+ Regen+ Int+3}
   (You found it in the Dungeon)

   [amulet of regeneration]

   It affects your intelligence (+3).
   It greatly protects you from cold.
   It protects you from negative energy.
   It increases your rate of regeneration.
Wands
 E - a wand of flame (18/48)
   (You found it in the Dungeon)
 J - a wand of digging (20/24)
   (You found it in the Dungeon)
Scrolls
 j - 9 scrolls of remove curse
 k - 6 scrolls of amnesia
 l - a scroll of summoning
 m - 2 scrolls of vulnerability {!r!r}
 u - a scroll of fear
 v - 4 scrolls of identify
 A - a scroll of magic mapping {!r}
 B - 2 scrolls of recharging
Potions
 d - 23 potions of heal wounds
 e - 3 potions of haste
 f - 4 potions of magic
 g - 7 potions of berserk rage {!q}
 h - a potion of brilliance
 i - 2 potions of invisibility
 n - 10 potions of curing
 p - 4 potions of agility
 q - 6 potions of mutation {!q}
 t - a potion of might
 z - a potion of resistance
 D - a potion of cancellation
Books
 a - a book of Maledictions
 F - a book of the Dragon
   (You found it in the Dungeon)
Miscellaneous
 c - a lamp of fire
   (You found it in the Dungeon)
 o - a lightning rod (4/4)
   (You found it in the Dungeon)
 r - a sack of spiders
 w - a fan of gales
   (You found it in the Dungeon)
 y - a phial of floods
   (You found it in the Dungeon)
 C - 2 phantom mirrors
Comestibles
 b - 16 meat rations {@e2}
 x - 3 royal jellies


   Skills:
 O Level 27 Fighting
 O Level 27 Dodging
 O Level 27 Stealth
 O Level 27 Unarmed Combat
 O Level 27 Spellcasting
 + Level 19.6 Conjurations
 O Level 27 Hexes
 O Level 27 Summonings
 O Level 27 Translocations
 + Level 26.0 Transmutations
 + Level 19.5 Ice Magic
 O Level 27 Air Magic
 O Level 27 Earth Magic
 + Level 22.5 Evocations


You had 27 spell levels left.
You knew the following spells:

 Your Spells              Type           Power        Failure   Level  Hunger
a - Ensorcelled Hibernat  Hex/Ice        ######       0%          2    None
b - Tukima's Dance        Hex            ########     0%          3    None
c - Confuse               Hex            ########     0%          3    None
d - Dazzling Spray        Conj/Hex       ######       0%          3    None
e - Blink                 Tloc           N/A          0%          2    None
f - Dragon Form           Tmut           ########..   1%          7    None
g - Dragon's Call         Summ           ########..   3%          9    #####..
h - Shatter               Erth           ########..   3%          9    #####..
i - Tornado               Air            ########..   3%          9    #####..
v - Corona                Hex            #######      0%          1    None


Dungeon Overview and Level Annotations

Branches:
Dungeon (1/1)

Altars:
Ashenzari
Cheibriados
Dithmenos
Elyvilon
Fedhas
Gozag
Hepliaklqana
Kikubaaqudgha
Makhleb
Nemelex Xobeh
Okawaru
Qazlal
Ru
Sif Muna
Trog
Uskayaw
Vehumet
Wu Jian
Xom
Yredelemnul
Zin
The Shining One
Beogh
Jiyva
Lugonu


Innate Abilities, Weirdness & Mutations

You cannot wear armour.
You are incapable of wielding weapons or throwing items.
Your paws allow you to move quietly. (Stealth)
((You have sharp claws.))
((You have razor-sharp teeth.))
You have supernaturally acute eyesight. (SInv)
You are carnivorous and can eat meat at any time.
((You cover ground quickly.))
((Your thick and shaggy fur keeps you warm. (AC +3, rC+)))
You have a slow metabolism.
((Your sharp claws are effective at attacking unaware monsters.))
You occasionally shout uncontrollably at your foes.
Potions are less effective at restoring your health.


Message History

a flail; a long sword You see here a glaive.
Your transformation has ended.
You now have 124/124 hp.
You turn into a fearsome dragon!
You now have 186/186 hp.
(D) Dungeon
Where to? (Enter - D @ (x,y), ? - help)
Okay, then.
(D) Dungeon
Where to? (Enter - D @ (x,y), ? - help)
You see here the Orb of Zot.
MP restored: 54
Okay, then.
You feel yourself speed up.
You are very lightly contaminated with residual magic.
You pick up the Orb of Zot!
The Orb lets out a hideous shriek!
The lords of Pandemonium are not amused.
Beware!
Now all you have to do is get back out of the dungeon!
You see here an arrow.
Things that are here:
a halberd of chopping; a chain mail
Things that are here:
a demon blade of draining; a plate armour
Things that are here:
2 arrows; a war axe; fire dragon scales You see here 3 arrows.
You see here +0 storm dragon scales.
Things that are here:
a short sword x2; a leather armour You see here a glaive.
Things that are here:
a flail; a long sword
There is a huge open gate to the Final Vault (Nightmare!) here.
There is a huge open gate to the Final Vault (Nightmare!), spattered with blood here.
You see here a glaive.
Your extra speed is starting to run out.
A shadow demon comes into view.
The shadow demon croaks.
The shadow demon gestures.
There is a huge open gate to the Vestibule (Extremely Hard), spattered with blood here.
You see here 4 large rocks {!d}.
A green death comes into view.
You feel yourself slow down.
There is a huge open gate to the Vestibule (Extremely Hard), spattered with blood here.
You spin and attack the shadow demon repeatedly!
A torturous corrupter comes into view. It is wielding an enchanted trident.
You roar at the torturous corrupter!
The torturous corrupter shouts!
You maul the shadow demon!!!!!!
You kill the shadow demon!
The Council accepts your kill.
The hellwing disappears in a puff of smoke!
The torturous corrupter calls forth creatures from the Crypt!
The green death gestures at you. The blast of poison misses you.
You see here a large rock {!d}.
You spin and attack the green death repeatedly!
You maul the green death!!!!!!!
You kill the green death!
The Council accepts your kill.
The torturous corrupter calls forth creatures from the Crypt!
You spin and attack the vampire knight repeatedly!
You maul the vampire knight!!!!!!!
You destroy the vampire knight!
The flayed ghost cries, "Suffer as I suffered!"
Terrible wounds open up all over your body!
You take 44 damage, and have 142/186 hp.
MASSIVE DAMAGE!!
The torturous corrupter calls forth creatures from the Pits of Slime!
The flayed ghost stares at you with tortured malice.
Terrible wounds spread across more of your body!
You take 34 damage, and have 108/186 hp.
The terrible wounds on your body vanish.
The torturous corrupter hits you but does no damage.
The flayed ghost cries, "Suffer as I suffered!"
Terrible wounds open up all over your body!
You regained 34 hp, and now have 142/186 hp.
You maul the torturous corrupter!!!!!!!
You kill the torturous corrupter!
The Council accepts your kill.
The azure jelly disappears in a puff of smoke!
The terrible wounds on your body vanish.
The flayed ghost disappears in a puff of smoke!
The titanic slime creature disappears in a puff of smoke!
Health restored: 186 A Brimstone Fiend comes into view.
You spin and attack the Brimstone Fiend repeatedly!
You maul the Brimstone Fiend!!!!!!
You kill the Brimstone Fiend!
The Council accepts your kill.
Your Transmutations skill increases to level 26!
There is a huge open gate to the Crystal Vault (Extremely Hard) here.
There is a huge open gate to the Crystal Vault (Extremely Hard) here.
There is a large open door here.
There is a large open door here.
There is a large open door here.
There is a staircase leading out of the dungeon here.
Your transformation is almost over.
You have escaped!

..##........(........####<#####=#
..##....).)..........####<###.###
..##....)............##=<.<'...'.
..###..)............####'<##'.##'
(.# ###)..........### #.#<#†###)#
..# ##'(######### ###### ##
([######''#######################
)(##......(...##<<(..'..'<<'..'..
..##..........##D<').'..'<<'..'..
.[[[(.#....#..##''#''#''#''#''#''
..[(..........##..'..)..'..'..'<<
####..........##..'.(').'..'..'<<
####..#...)#..##''#''#''#''#)%#''
..''..........##..'..'..)..'..'.÷
..''..........##..').'..'..').'..
..##..#....#..##''#''#''#''#''#''
..##..........''..'..'..'..'<<'(.


There were no monsters in sight!

Vanquished Creatures
  Antaeus (D)
  Dissolution (D)
  Ignacio (D)
  Lom Lobon (D)
  Mnoleg (D)
  Dispater (D)
  Khufu (D)
  4 orbs of fire (D)
  Mara (D)
  Tiamat (D)
  6 ancient liches (D)
  7 greater mummies (D)
  Boris (D)
  the Lernaean hydra (D)
  Margery (D)
  Frederick (D)
  A curse toe (D)
  3 pandemonium lords (D)
  Xtahua (D)
  3 Killer Klowns (D)
  Jory (D)
  2 golden dragons (D)
  Nikola (D)
  3 profane servitors (D)
  6 pearl dragons (D)
  3 Tzitzimimeh (D)
  6 Brimstone Fiends (D)
  2 hellephants (D)
  2 electric golems (D)
  6 Hell Sentinels (D)
  2 tentacled monstrosities (D)
  23 Orb Guardians (D)
  2 Ice Fiends (D)
  8 titans (D)
  3 quicksilver dragons (D)
  4 deep elf blademasters (D)
  4 deep elf master archers (D)
  2 sphinxes (D)
  6 shadow dragons (D)
  Kirke (D)
  3 Executioners (D)
  2 nagarajas (D)
  A storm dragon (D)
  2 azure jellies (D)
  2 iron dragons (D)
  4 deep elf sorcerers (D)
  28 daevas (D)
  A draconian scorcher (D)
  A ghost moth (D)
  Louise (D)
  5 balrugs (D)
  5 frost giants (D)
  2 draconian shifters (D)
  2 cacodemons (D)
  2 orc warlords (D)
  A draconian annihilator (D)
  2 reapers (D)
  A spriggan defender (D)
  3 war gargoyles (D)
  29 angels (D)
  A draconian stormcaller (D)
  5 stone giants (D)
  2 apis (D)
  A green draconian (D)
  Nessos (D)
  A corrupter (D)
  A deep elf demonologist (D)
  2 vampire knights (D)
  5 purple draconians (D)
  A dire elephant (D)
  4 red draconians (D)
  6 yellow draconians (D)
  2 black draconians (D)
  A deep elf annihilator (D)
  An eidolon (D)
  5 white draconians (D)
  A merfolk javelineer (D)
  3 blizzard demons (D)
  7 ettins (D)
  3 fire dragons (D)
  A deep elf death mage (D)
  3 death oozes (D)
  2 green deaths (D)
  A mummy priest (D)
  2 great orbs of eyes (D)
  3 deep elf high priests (D)
  4 yaktaur captains (D)
  A minotaur (D)
  3 ice dragons (D)
  A rakshasa (D)
  A naga warrior (D)
  An alligator snapping turtle (D)
  A hell beast (D)
  Erolcha (D)
  2 vault guards (D)
  A catoblepas (D)
  6 two-headed ogres (D)
  3 spriggan air magi (D)
  An anaconda (D)
  2 death knights (D)
  2 hydras (D)
  An iron elemental (D)
  A centaur warrior (D)
  A death yak (D)
  2 deep troll shamans (D)
  4 vampire magi (D)
  6 ogre magi (D)
  A spriggan berserker (D)
  2 hell knights (D)
  A soul eater (D)
  5 deep elf knights (D)
  A fire crab (D)
  4 sun demons (D)
  A sixfirhy (D)
  5 iron trolls (D)
  2 salamander mystics (D)
  An unseen horror (D)
  23 cherubim (D)
  A sea snake (shapeshifter) (D)
  A shadow demon (D)
  A sea snake (D)
  A spriggan druid (D)
  A phantasmal warrior (D)
  17 deep trolls (D)
  11 orc knights (D)
  A glowing orange brain (shapeshifter) (D)
  2 swamp dragons (D)
  A flayed ghost (D)
  A lindwurm (D)
  A necromancer (D)
  4 deep elf magi (D)
  4 cyclopes (D)
  A moth of wrath (D)
  2 manticores (D)
  4 naga magi (D)
  2 rust devils (D)
  2 elephants (D)
  An orange demon (D)
  2 yaktaurs (D)
  An efreet (D)
  A freezing wraith (D)
  A komodo dragon (D)
  2 demonic crawlers (D)
  A red devil (D)
  A tormentor (D)
  2 hellwings (D)
  A guardian mummy (D)
  3 ice devils (D)
  A polar bear (D)
  A jumping spider (D)
  11 trolls (D)
  A jumping spider (shapeshifter) (D)
  A hornet (D)
  A polar bear (shapeshifter) (D)
  5 merfolk (D)
  A snapping turtle (D)
  2 bog bodies (D)
  A hippogriff (D)
  An air elemental (D)
  7 redbacks (D)
  10 yaks (D)
  2 spriggans (D)
  Sigmund (D)
  A wyvern (D)
  2 water elementals (D)
  A basilisk (D)
  A fire bat (D)
  2 fire elementals (D)
  A golden eye (D)
  2 hogs (D)
  A steam dragon (D)
  Menkaure (D)
  5 insubstantial wisps (D)
  2 nagas (D)
  2 small abominations (D)
  2 floating eyes (D)
  A porcupine (D)
  Purgy (D)
  An ice beast (D)
  2 eyes of draining (D)
  A wolf (D)
  6 ogres (D)
  2 centaurs (D)
  A crocodile (D)
  A bullfrog (D)
  2 scorpions (D)
  2 hounds (D)
  An iguana (D)
  A worker ant (D)
  2 mummies (D)
  A gnoll (D)
  2 river rats (D)
  A white imp (D)
  A worm (D)
  4 adder simulacra (D)
  2 leopard geckos (D)
  3 giant cockroaches (D)
  A hobgoblin (D)
  2 frilled lizards (D)
  A goblin (D)
  A jackal zombie (D)
  A leopard gecko simulacrum (D)
565 creatures vanquished.

Vanquished Creatures (collateral kills)
  A pearl dragon (D)
  3 Orb Guardians (D)
  A deep elf master archer (D)
  2 angels (D)
  4 hell knights (D)
11 creatures vanquished.

Vanquished Creatures (others)
  An eldritch tentacle (D)
  2 redbacks (D)
  A tarantella (D)
  4 humans (D)
8 creatures vanquished.

Grand Total: 584 creatures vanquished

Notes
Turn   | Place    | Note
-------+----------+-------------------------------------------
     0 | D        | esc the Felid Enchanter began the quest for the Orb.
     0 | D        | Reached XP level 1. HP: 7/7 MP: 4/4
    40 | D        | Found a glowing golden altar of the Shining One.
    40 | D        | Found a glowing silver altar of Zin.
    40 | D        | Found a basalt altar of Yredelemnul.
    40 | D        | Found a shimmering altar of Xom.
    40 | D        | Found an ornate altar of the Wu Jian Council.
    40 | D        | Found a bloodstained altar of Trog.
    40 | D        | Found a deep blue altar of Sif Muna.
    40 | D        | Found a sacrificial altar of Ru.
    40 | D        | Found a stormy altar of Qazlal.
    40 | D        | Found an iron altar of Okawaru.
    40 | D        | Found a sparkling altar of Nemelex Xobeh.
    40 | D        | Found a burning altar of Makhleb.
    40 | D        | Found a viscous altar of Jiyva.
    40 | D        | Found a hazy altar of Hepliaklqana.
    40 | D        | Found an opulent altar of Gozag.
    40 | D        | Found a blossoming altar of Fedhas.
    40 | D        | Found a white marble altar of Elyvilon.
    40 | D        | Found a shadowy altar of Dithmenos.
    40 | D        | Found a snail-covered altar of Cheibriados.
    41 | D        | Found a radiant altar of Vehumet.
    41 | D        | Found a corrupted altar of Lugonu.
    41 | D        | Found a roughly hewn altar of Beogh.
    42 | D        | Found a hide-covered altar of Uskayaw.
    42 | D        | Found an ancient bone altar of Kikubaaqudgha.
    42 | D        | Found a shattered altar of Ashenzari.
    48 | D        | Became a worshipper of the Wu Jian Council
    60 | D        | Noticed a worker ant
    60 | D        | Noticed a floating eye
    69 | D        | Killed a worker ant
    69 | D        | Reached skill level 2 in Fighting
    69 | D        | Reached skill level 4 in Dodging
    69 | D        | Reached skill level 5 in Stealth
    69 | D        | Reached skill level 2 in Unarmed Combat
    69 | D        | Reached skill level 5 in Hexes
    69 | D        | Reached XP level 2. HP: 8/13 MP: 4/6
    71 | D        | Paralysed by a floating eye for 3 turns
    77 | D        | Killed a floating eye
    77 | D        | Reached skill level 3 in Fighting
    77 | D        | Reached skill level 5 in Dodging
    77 | D        | Reached skill level 6 in Stealth
    77 | D        | Reached skill level 3 in Unarmed Combat
    77 | D        | Reached skill level 3 in Spellcasting
    77 | D        | Reached skill level 7 in Hexes
    77 | D        | Reached XP level 3. HP: 16/17 MP: 5/9
    77 | D        | Reached XP level 4. HP: 20/21 MP: 5/10
    82 | D        | Learned a level 3 spell: Confuse
    86 | D        | Learned a level 3 spell: Tukima's Dance
    89 | D        | Learned a level 2 spell: Ensorcelled Hibernation
   116 | D        | Reached * piety under Wu Jian
   194 | D        | Reached skill level 6 in Dodging
   194 | D        | Reached skill level 7 in Stealth
   194 | D        | Reached skill level 4 in Unarmed Combat
   194 | D        | Reached skill level 4 in Spellcasting
   194 | D        | Reached XP level 5. HP: 25/25 MP: 10/12
   195 | D        | Reached ** piety under Wu Jian
   225 | D        | Learned a level 3 spell: Dazzling Spray
   361 | D        | Noticed a centaur
   361 | D        | Noticed a porcupine
   364 | D        | Noticed Sigmund
   435 | D        | Reached *** piety under Wu Jian
   442 | D        | Killed Sigmund
   442 | D        | Reached skill level 5 in Fighting
   442 | D        | Reached skill level 7 in Dodging
   442 | D        | Reached skill level 8 in Stealth
   442 | D        | Reached skill level 5 in Unarmed Combat
   442 | D        | Reached skill level 5 in Spellcasting
   442 | D        | Reached skill level 8 in Hexes
   442 | D        | Gained mutation: You are covered in thick fur. (AC +2) [Felid growth]
   442 | D        | Reached XP level 6. HP: 19/30 MP: 5/14
   445 | D        | Reached skill level 9 in Stealth
   445 | D        | Reached skill level 9 in Hexes
   644 | D        | Killed a porcupine
   644 | D        | Reached skill level 8 in Dodging
   644 | D        | Reached skill level 6 in Unarmed Combat
   657 | D        | Reached **** piety under Wu Jian
   700 | D        | Noticed a lindwurm
   701 | D        | Killed a lindwurm
   701 | D        | Reached skill level 6 in Fighting
   701 | D        | Reached skill level 9 in Dodging
   701 | D        | Reached skill level 10 in Stealth
   701 | D        | Reached skill level 7 in Unarmed Combat
   701 | D        | Reached skill level 6 in Spellcasting
   701 | D        | Reached skill level 10 in Hexes
   701 | D        | Reached XP level 7. HP: 35/35 MP: 16/18
   714 | D        | Noticed Menkaure
   744 | D        | Reached skill level 7 in Fighting
   744 | D        | Reached skill level 11 in Hexes
   746 | D        | Reached XP level 8. HP: 33/40 MP: 14/19
   752 | D        | Reached ***** piety under Wu Jian
   819 | D        | Killed Menkaure
   819 | D        | Reached skill level 10 in Dodging
   819 | D        | Reached skill level 11 in Stealth
   819 | D        | Reached skill level 7 in Spellcasting
   833 | D        | Noticed an unseen horror
   833 | D        | Noticed a deep elf mage
   838 | D        | Killed an unseen horror
   838 | D        | Reached skill level 8 in Unarmed Combat
   838 | D        | Reached skill level 12 in Hexes
   838 | D        | Killed a deep elf mage
   838 | D        | Reached skill level 8 in Fighting
   838 | D        | Reached skill level 11 in Dodging
   838 | D        | Reached skill level 12 in Stealth
   838 | D        | Reached skill level 8 in Spellcasting
   838 | D        | Reached XP level 9. HP: 38/45 MP: 19/22
   951 | D        | Noticed a hellwing
   966 | D        | Killed a hellwing
  1019 | D        | Reached skill level 9 in Unarmed Combat
  1113 | D        | Reached skill level 13 in Hexes
  1130 | D        | Reached skill level 13 in Stealth
  1131 | D        | Reached skill level 9 in Fighting
  1136 | D        | Noticed a komodo dragon
  1140 | D        | Killed a komodo dragon
  1140 | D        | Reached skill level 12 in Dodging
  1184 | D        | HP: 11/45 [yak (5)]
  1187 | D        | HP: 4/45 [yak (8)]
  1189 | D        | Slain by a yak
  1190 | D        | Reached XP level 8. HP: -5/42 MP: 21/21
  1200 | D        | Reached skill level 9 in Spellcasting
  1201 | D        | Reached XP level 9. HP: 46/46 MP: 21/23
  1208 | D        | Reached skill level 14 in Hexes
  1341 | D        | Noticed a death yak
  1343 | D        | Killed a death yak
  1343 | D        | Reached skill level 10 in Fighting
  1343 | D        | Reached skill level 14 in Stealth
  1343 | D        | Reached skill level 10 in Unarmed Combat
  1349 | D        | Noticed a merfolk javelineer
  1349 | D        | Noticed a merfolk
  1353 | D        | Noticed a merfolk
  1353 | D        | Noticed a merfolk
  1353 | D        | Noticed a merfolk
  1357 | D        | Killed a merfolk
  1357 | D        | Reached ****** piety under Wu Jian
  1357 | D        | Reached skill level 13 in Dodging
  1364 | D        | HP: 4/46 [merfolk/trident (19)]
  1364 | D        | Hit by a javelin thrown by a merfolk javelineer
  1365 | D        | Reached XP level 8. HP: -12/43 MP: 22/22
  1372 | D        | Noticed a demonic crawler
  1372 | D        | Noticed Erolcha
  1373 | D        | Killed a demonic crawler
  1373 | D        | Noticed a hellwing
  1374 | D        | Killed a hellwing
  1374 | D        | Reached XP level 9. HP: 46/46 MP: 23/23
  1374 | D        | Killed Erolcha
  1374 | D        | Reached skill level 10 in Spellcasting
  1401 | D        | Killed a merfolk javelineer
  1401 | D        | Reached skill level 15 in Stealth
  1401 | D        | Reached skill level 15 in Hexes
  1401 | D        | Killed a merfolk
  1401 | D        | Reached skill level 11 in Unarmed Combat
  1401 | D        | HP: 6/47 [steam dragon (7)]
  1403 | D        | HP: 2/47 [merfolk/trident (21)]
  1421 | D        | Killed a merfolk
  1421 | D        | Reached XP level 10. HP: 38/51 MP: 25/25
  1424 | D        | Reached skill level 14 in Dodging
  1425 | D        | Reached skill level 11 in Fighting
  1525 | D        | Noticed a sea snake
  1525 | D        | Noticed a manticore
  1529 | D        | Killed a manticore
  1530 | D        | Killed a sea snake
  1700 | D        | Noticed Purgy
  1779 | D        | Noticed a cyclops
  1779 | D        | Reached skill level 16 in Stealth
  1788 | D        | Killed Purgy
  1790 | D        | Reached skill level 15 in Dodging
  1792 | D        | Killed a cyclops
  1792 | D        | Reached skill level 12 in Unarmed Combat
  1799 | D        | Reached skill level 12 in Fighting
  1931 | D        | Reached XP level 11. HP: 57/57 MP: 26/26
  1937 | D        | Noticed a deep elf mage
  1937 | D        | Noticed a catoblepas
  1937 | D        | Noticed a sixfirhy
  1938 | D        | Killed a sixfirhy
  1938 | D        | Reached skill level 17 in Stealth
  1940 | D        | Killed a catoblepas
  1942 | D        | Killed a deep elf mage
  1950 | D        | Noticed a phantasmal warrior
  1953 | D        | Killed a phantasmal warrior
  1953 | D        | Reached skill level 16 in Dodging
  2050 | D        | Reached skill level 13 in Unarmed Combat
  2057 | D        | Noticed a two-headed ogre
  2060 | D        | Killed a two-headed ogre
  2060 | D        | Reached skill level 13 in Fighting
  2060 | D        | Reached skill level 18 in Stealth
  2090 | D        | Noticed an orc knight
  2090 | D        | Noticed an orc knight
  2090 | D        | Noticed an orc knight
  2090 | D        | Noticed an orc knight
  2090 | D        | Noticed a salamander mystic
  2090 | D        | Noticed a salamander mystic
  2091 | D        | Noticed an orc knight
  2091 | D        | Noticed an orc warlord
  2091 | D        | Noticed an orc warlord
  2115 | D        | Killed an orc knight
  2116 | D        | Killed an orc knight
  2153 | D        | Killed an orc warlord
  2153 | D        | Reached skill level 17 in Dodging
  2169 | D        | Noticed an orc knight
  2185 | D        | Noticed a yaktaur captain
  2203 | D        | Killed an orc knight
  2205 | D        | Killed a salamander mystic
  2205 | D        | Reached skill level 19 in Stealth
  2225 | D        | Killed a yaktaur captain
  2225 | D        | Reached skill level 14 in Unarmed Combat
  2225 | D        | Gained mutation: Your thick and shaggy fur keeps you warm. (AC +3, rC+) [Felid growth]
  2225 | D        | Reached XP level 12. HP: 33/63 MP: 27/27
  2240 | D        | Reached skill level 14 in Fighting
  2294 | D        | Noticed a yaktaur captain
  2410 | D        | Noticed Kirke
  2412 | D        | Killed Kirke
  2412 | D        | Reached skill level 18 in Dodging
  2438 | D        | Reached skill level 20 in Stealth
  2442 | D        | Killed a yaktaur captain
  2471 | D        | Noticed an anaconda
  2531 | D        | Reached skill level 15 in Unarmed Combat
  2599 | D        | Reached skill level 15 in Fighting
  2608 | D        | Reached skill level 19 in Dodging
  2685 | D        | Killed an anaconda
  2693 | D        | Killed an orc warlord
  2693 | D        | Reached skill level 21 in Stealth
  2765 | D        | Noticed a vault guard
  2765 | D        | Noticed a stone giant
  2766 | D        | Killed a vault guard
  2766 | D        | Reached XP level 13. HP: 69/69 MP: 25/28
  2767 | D        | Killed a stone giant
  2888 | D        | Noticed a war gargoyle
  2892 | D        | Killed a war gargoyle
  2892 | D        | Reached skill level 20 in Dodging
  2892 | D        | Reached skill level 16 in Unarmed Combat
  2896 | D        | Reached skill level 16 in Fighting
  3080 | D        | Noticed an apis
  3083 | D        | Killed an apis
  3083 | D        | Reached skill level 22 in Stealth
  3090 | D        | Noticed Nikola
  3101 | D        | Killed Nikola
  3101 | D        | Reached skill level 21 in Dodging
  3101 | D        | Reached skill level 17 in Unarmed Combat
  3119 | D        | Reached skill level 23 in Stealth
  3123 | D        | Reached skill level 17 in Fighting
  3190 | D        | Got the ring of Weusig {Ice rPois Str+5}
  3243 | D        | Noticed an eidolon
  3243 | D        | Noticed a war gargoyle
  3243 | D        | Noticed a fire dragon
  3243 | D        | Noticed an ettin
  3248 | D        | Killed an eidolon
  3250 | D        | Noticed a vampire knight
  3250 | D        | Killed a fire dragon
  3252 | D        | Killed a war gargoyle
  3254 | D        | Killed an ettin
  3255 | D        | Killed a vampire knight
  3255 | D        | Reached skill level 22 in Dodging
  3255 | D        | Reached XP level 14. HP: 48/76 MP: 29/29
  3273 | D        | Identified Cueg's Grimoire of the Spatial Mountains (You found it in the Dungeon)
  3276 | D        | Identified Kikubaaqudgha's Grimoire of Necromancy (You found it in the Dungeon)
  3276 | D        | Identified Kikubaaqudgha's Grimoire of Necromancy (You found it in the Dungeon)
  3279 | D        | Identified Cueg's Grimoire of the Spatial Mountains (You found it in the Dungeon)
  3282 | D        | Learned a level 2 spell: Blink
  3401 | D        | Noticed a vampire knight
  3500 | D        | Noticed a deep elf master archer
  3515 | D        | HP: 16/77 [deep elf master archer/arrow (26)]
  3516 | D        | Killed a deep elf master archer
  3516 | D        | Reached skill level 24 in Stealth
  3516 | D        | Reached skill level 18 in Unarmed Combat
  3805 | D        | Reached skill level 18 in Fighting
  3960 | D        | Noticed Jory
  3972 | D        | Killed Jory
  3972 | D        | Reached skill level 23 in Dodging
  4002 | D        | Noticed a profane servitor
  4006 | D        | Killed a profane servitor
  4006 | D        | Reached skill level 25 in Stealth
  4020 | D        | Noticed Nessos
  4022 | D        | Noticed a shadow dragon
  4030 | D        | Killed a shadow dragon
  4030 | D        | Reached skill level 19 in Unarmed Combat
  4106 | D        | Noticed a ghost moth
  4124 | D        | Killed a ghost moth
  4124 | D        | Reached skill level 19 in Fighting
  4160 | D        | Noticed the 27-headed Lernaean hydra
  4182 | D        | Killed the 27-headed Lernaean hydra
  4182 | D        | Reached skill level 24 in Dodging
  4182 | D        | Reached skill level 26 in Stealth
  4196 | D        | Killed Nessos
  4314 | D        | Noticed a frost giant
  4322 | D        | Killed a vampire knight
  4358 | D        | Killed a frost giant
  4358 | D        | Reached XP level 15. HP: 84/84 MP: 30/30
  4361 | D        | Reached skill level 20 in Unarmed Combat
  4375 | D        | Noticed a deep elf master archer
  4378 | D        | Noticed Antaeus
  4379 | D        | Reached skill level 20 in Fighting
  4405 | D        | Killed Antaeus
  4405 | D        | Reached skill level 21 in Fighting
  4405 | D        | Reached skill level 26 in Dodging
  4405 | D        | Reached skill level 27 in Stealth
  4405 | D        | Reached skill level 21 in Unarmed Combat
  4421 | D        | Killed a deep elf master archer
  4485 | D        | Noticed a deep elf blademaster
  4651 | D        | Noticed a daeva
  4698 | D        | Killed a daeva
  4698 | D        | Reached skill level 27 in Dodging
  4698 | D        | Reached skill level 22 in Unarmed Combat
  4920 | D        | Noticed a titan
  4921 | D        | Reached skill level 22 in Fighting
  4942 | D        | Reached skill level 23 in Unarmed Combat
  4944 | D        | Reached skill level 23 in Fighting
  4946 | D        | Reached XP level 16. HP: 80/94 MP: 31/31
  4954 | D        | Killed a titan
  4960 | D        | Reached skill level 24 in Unarmed Combat
  4962 | D        | Reached skill level 24 in Fighting
  4992 | D        | Reached skill level 25 in Unarmed Combat
  5076 | D        | Got the ring "Neick" {Ice rN++}
  5102 | D        | Got a silver rune of Zot
  5145 | D        | Killed a deep elf blademaster
  5145 | D        | Reached skill level 25 in Fighting
  5230 | D        | Noticed an ancient lich
  5231 | D        | Noticed a sphinx
  5231 | D        | Killed an ancient lich
  5235 | D        | Reached skill level 26 in Fighting
  5235 | D        | Reached skill level 26 in Unarmed Combat
  5244 | D        | Noticed an ancient lich
  5244 | D        | Killed a sphinx
  5246 | D        | Killed an ancient lich
  5248 | D        | Reached skill level 27 in Fighting
  5248 | D        | Reached skill level 27 in Unarmed Combat
  5250 | D        | Reached skill level 1 in Conjurations
  5250 | D        | Reached skill level 2 in Translocations
  5250 | D        | Reached skill level 1 in Evocations
  5252 | D        | Reached skill level 2 in Conjurations
  5252 | D        | Reached skill level 3 in Translocations
  5252 | D        | Reached skill level 1 in Ice Magic
  5252 | D        | Reached skill level 2 in Evocations
  5253 | D        | Reached skill level 4 in Translocations
  5253 | D        | Reached skill level 2 in Ice Magic
  5255 | D        | Reached skill level 3 in Evocations
  5256 | D        | Reached skill level 16 in Hexes
  5257 | D        | Reached skill level 3 in Conjurations
  5257 | D        | Reached skill level 5 in Translocations
  5257 | D        | Reached skill level 3 in Ice Magic
  5257 | D        | Reached XP level 17. HP: 91/104 MP: 32/32
  5258 | D        | Reached skill level 4 in Evocations
  5356 | D        | Reached skill level 11 in Spellcasting
  5356 | D        | Reached skill level 6 in Translocations
  5357 | D        | Noticed a profane servitor
  5360 | D        | Killed a profane servitor
  5360 | D        | Reached skill level 4 in Conjurations
  5360 | D        | Reached skill level 7 in Translocations
  5360 | D        | Reached skill level 4 in Ice Magic
  5360 | D        | Reached skill level 5 in Evocations
  5386 | D        | Learned a level 7 spell: Dragon Form
  5394 | D        | Got the ring "Hatucsam" {rF++ AC+6 Dex-4}
  5404 | D        | Got the ring "Zexzot" {rElec AC+6 Dex+4}
  5443 | D        | Got the amulet "Panij" {rC++ rN+ Regen+ Int+3}
  5548 | D        | Reached skill level 2 in Transmutations
  5551 | D        | Reached skill level 12 in Spellcasting
  5551 | D        | Reached skill level 4 in Transmutations
  5559 | D        | Noticed a quicksilver dragon
  5560 | D        | Killed a quicksilver dragon
  5560 | D        | Reached skill level 6 in Transmutations
  5561 | D        | Reached skill level 7 in Transmutations
  5576 | D        | Noticed a profane servitor
  5577 | D        | Killed a profane servitor
  5577 | D        | Reached skill level 13 in Spellcasting
  5577 | D        | Reached skill level 9 in Transmutations
  5587 | D        | Noticed a quicksilver dragon
  5587 | D        | Noticed a Killer Klown
  5588 | D        | Killed a Killer Klown
  5588 | D        | Reached skill level 14 in Spellcasting
  5588 | D        | Reached skill level 10 in Transmutations
  5589 | D        | Killed a quicksilver dragon
  5589 | D        | Reached skill level 11 in Transmutations
  5606 | D        | Noticed a golden dragon
  5606 | D        | Noticed Mnoleg
  5606 | D        | Noticed a tentacled monstrosity
  5607 | D        | Killed a tentacled monstrosity
  5607 | D        | Reached skill level 12 in Transmutations
  5608 | D        | Killed Mnoleg
  5608 | D        | Reached skill level 16 in Spellcasting
  5608 | D        | Reached skill level 14 in Transmutations
  5608 | D        | Killed a golden dragon
  5608 | D        | Reached skill level 15 in Transmutations
  5628 | D        | Noticed Xtahua
  5630 | D        | Killed Xtahua
  5630 | D        | Reached skill level 17 in Spellcasting
  5630 | D        | Reached skill level 16 in Transmutations
  5637 | D        | Noticed an orb of fire
  5639 | D        | Killed an orb of fire
  5639 | D        | Reached skill level 6 in Conjurations
  5639 | D        | Reached skill level 17 in Hexes
  5639 | D        | Reached skill level 9 in Translocations
  5639 | D        | Reached skill level 17 in Transmutations
  5639 | D        | Reached skill level 5 in Ice Magic
  5639 | D        | Reached skill level 7 in Evocations
  5652 | D        | Noticed a hellephant
  5653 | D        | Reached skill level 6 in Ice Magic
  5654 | D        | Killed a hellephant
  5654 | D        | Reached skill level 18 in Spellcasting
  5654 | D        | Reached skill level 10 in Translocations
  5655 | D        | Reached skill level 8 in Evocations
  5670 | D        | Reached skill level 7 in Conjurations
  5670 | D        | Reached skill level 18 in Hexes
  5671 | D        | Reached skill level 7 in Ice Magic
  5672 | D        | Reached skill level 11 in Translocations
  5680 | D        | Noticed an Ice Fiend
  5680 | D        | Noticed a deep elf master archer
  5681 | D        | Reached XP level 18. HP: 109/109 MP: 41/41
  5681 | D        | Killed an Ice Fiend
  5681 | D        | Reached skill level 9 in Evocations
  5683 | D        | Reached skill level 12 in Translocations
  5706 | D        | Noticed a greater mummy
  5707 | D        | Reached skill level 8 in Conjurations
  5707 | D        | Reached skill level 18 in Transmutations
  5707 | D        | Reached skill level 8 in Ice Magic
  5709 | D        | Killed a greater mummy
  5709 | D        | Reached skill level 19 in Hexes
  5709 | D        | Reached skill level 13 in Translocations
  5709 | D        | Reached skill level 10 in Evocations
  5745 | D        | Reached skill level 9 in Conjurations
  5748 | D        | Reached skill level 9 in Ice Magic
  5749 | D        | Reached skill level 11 in Evocations
  5750 | D        | Reached skill level 14 in Translocations
  5765 | D        | Noticed a Tzitzimitl
  5767 | D        | Killed a Tzitzimitl
  5769 | D        | Reached skill level 19 in Spellcasting
  5769 | D        | Reached skill level 20 in Hexes
  5782 | D        | Reached skill level 10 in Conjurations
  5782 | D        | Reached skill level 10 in Ice Magic
  5783 | D        | Reached skill level 19 in Transmutations
  5783 | D        | Reached skill level 15 in Translocations
  5783 | D        | Reached skill level 12 in Evocations
  5831 | D        | Learned a level 9 spell: Dragon's Call
  5860 | D        | Noticed a greater mummy
  5861 | D        | Reached skill level 3 in Summonings
  5862 | D        | Reached skill level 4 in Summonings
  5862 | D        | Reached skill level 5 in Summonings
  5862 | D        | Noticed a greater mummy
  5863 | D        | Reached skill level 6 in Summonings
  5872 | D        | Killed a greater mummy
  5872 | D        | Reached skill level 20 in Spellcasting
  5872 | D        | Reached skill level 8 in Summonings
  5879 | D        | Reached skill level 9 in Summonings
  5880 | D        | Killed a greater mummy
  5880 | D        | Reached skill level 10 in Summonings
  5981 | D        | Noticed Mara
  5981 | D        | Noticed an Orb Guardian
  5981 | D        | Noticed an Orb Guardian
  5981 | D        | Noticed an Orb Guardian
  5981 | D        | Noticed an Orb Guardian
  5998 | D        | Reached skill level 21 in Spellcasting
  5998 | D        | Reached skill level 11 in Summonings
  6001 | D        | Killed Mara
  6001 | D        | Reached skill level 13 in Summonings
  6071 | D        | Killed an Orb Guardian
  6072 | D        | Killed an Orb Guardian
  6072 | D        | Reached skill level 22 in Spellcasting
  6075 | D        | Noticed a curse toe
  6075 | D        | Killed an Orb Guardian
  6075 | D        | Reached skill level 14 in Summonings
  6081 | D        | Killed a curse toe
  6081 | D        | Reached skill level 15 in Summonings
  6086 | D        | Killed an Orb Guardian
  6086 | D        | Reached XP level 19. HP: 113/113 MP: 44/46
  6089 | D        | Reached skill level 16 in Summonings
  6106 | D        | Reached skill level 23 in Spellcasting
  6129 | D        | Noticed Tiamat
  6152 | D        | Reached skill level 17 in Summonings
  6222 | D        | Killed Tiamat
  6222 | D        | Reached skill level 24 in Spellcasting
  6222 | D        | Reached skill level 18 in Summonings
  6223 | D        | Reached skill level 19 in Summonings
  6227 | D        | Reached skill level 25 in Spellcasting
  6227 | D        | Reached skill level 20 in Summonings
  6236 | D        | Reached skill level 21 in Summonings
  6398 | D        | Reached skill level 26 in Spellcasting
  6400 | D        | Noticed Khufu
  6400 | D        | Noticed Miorch the pandemonium lord
  6400 | D        | Noticed a Killer Klown
  6400 | D        | Reached skill level 22 in Summonings
  6400 | D        | Noticed a greater mummy
  6400 | D        | Noticed a greater mummy
  6401 | D        | Killed Khufu
  6401 | D        | Killed Miorch the pandemonium lord
  6401 | D        | Reached skill level 23 in Summonings
  6409 | D        | Reached skill level 27 in Spellcasting
  6415 | D        | Reached skill level 24 in Summonings
  6416 | D        | Killed a greater mummy
  6417 | D        | Killed a greater mummy
  6417 | D        | Reached skill level 25 in Summonings
  6418 | D        | Reached skill level 26 in Summonings
  6420 | D        | Killed a Killer Klown
  6420 | D        | Reached XP level 20. HP: 114/114 MP: 52/52
  6444 | D        | Reached skill level 27 in Summonings
  6447 | D        | Reached skill level 11 in Conjurations
  6447 | D        | Reached skill level 21 in Hexes
  6447 | D        | Reached skill level 16 in Translocations
  6447 | D        | Reached skill level 11 in Ice Magic
  6447 | D        | Reached skill level 13 in Evocations
  6535 | D        | Noticed an ancient lich
  6535 | D        | Noticed a golden dragon
  6537 | D        | Noticed Margery
  6550 | D        | Noticed Lopyefod the pandemonium lord
  6550 | D        | Killed Lopyefod the pandemonium lord
  6551 | D        | Killed an ancient lich
  6551 | D        | Reached skill level 12 in Conjurations
  6551 | D        | Reached skill level 17 in Translocations
  6551 | D        | Reached skill level 20 in Transmutations
  6551 | D        | Reached skill level 12 in Ice Magic
  6551 | D        | Reached skill level 14 in Evocations
  6553 | D        | Reached skill level 22 in Hexes
  6553 | D        | Killed a golden dragon
  6553 | D        | Reached skill level 18 in Translocations
  6555 | D        | Killed Margery
  6555 | D        | Reached skill level 15 in Evocations
  6556 | D        | Reached skill level 13 in Conjurations
  6556 | D        | Reached skill level 13 in Ice Magic
  6557 | D        | Reached skill level 23 in Hexes
  6557 | D        | Reached skill level 19 in Translocations
  6557 | D        | Reached skill level 21 in Transmutations
  6558 | D        | Noticed Sass the pandemonium lord
  6558 | D        | HP: 23/171 [titan/the air (35)]
  6560 | D        | Killed from afar by a titan
  6561 | D        | Reached XP level 19. HP: -4/169 MP: 22/51
  6623 | D        | Reached skill level 16 in Evocations
  6642 | D        | Reached skill level 20 in Translocations
  6647 | D        | Noticed a Tzitzimitl
  6650 | D        | Noticed a pearl dragon
  6651 | D        | Killed a Tzitzimitl
  6651 | D        | Reached skill level 14 in Conjurations
  6651 | D        | Reached skill level 24 in Hexes
  6651 | D        | Reached skill level 14 in Ice Magic
  6652 | D        | Killed a pearl dragon
  6653 | D        | Noticed a pearl dragon
  6656 | D        | Noticed Dispater
  6656 | D        | HP: 27/169 [Sass the pandemonium lord/iron shot (31)]
  6657 | D        | Noticed a Tzitzimitl
  6657 | D        | Killed Sass the pandemonium lord
  6657 | D        | Noticed Lom Lobon
  6657 | D        | Killed a pearl dragon
  6657 | D        | HP: 2/169 [Dispater/iron shot (25)]
  6658 | D        | Killed Dispater
  6658 | D        | Reached skill level 21 in Translocations
  6658 | D        | Reached skill level 22 in Transmutations
  6658 | D        | Reached skill level 17 in Evocations
  6660 | D        | Killed Lom Lobon
  6660 | D        | Reached skill level 15 in Conjurations
  6660 | D        | Reached skill level 25 in Hexes
  6660 | D        | Reached skill level 15 in Ice Magic
  6661 | D        | Killed a Tzitzimitl
  6661 | D        | Reached skill level 22 in Translocations
  6661 | D        | Reached skill level 18 in Evocations
  6935 | D        | Learned a level 9 spell: Shatter
  6945 | D        | Learned a level 9 spell: Tornado
  6971 | D        | Noticed an electric golem
  6973 | D        | Killed an electric golem
  6973 | D        | Reached skill level 5 in Earth Magic
  6976 | D        | Reached skill level 6 in Earth Magic
  6978 | D        | Noticed a Brimstone Fiend
  6979 | D        | Killed a Brimstone Fiend
  6979 | D        | Reached skill level 8 in Earth Magic
  6982 | D        | Reached skill level 10 in Earth Magic
  6982 | D        | Reached XP level 20. HP: 118/118 MP: 52/52
  6986 | D        | Noticed a greater mummy
  6987 | D        | Killed a greater mummy
  6987 | D        | Reached skill level 12 in Earth Magic
  6992 | D        | Noticed an ancient lich
  6993 | D        | Killed an ancient lich
  6993 | D        | Reached skill level 14 in Earth Magic
  6995 | D        | Noticed an orb of fire
  6997 | D        | Reached skill level 15 in Earth Magic
  6998 | D        | Killed an orb of fire
  6998 | D        | Reached skill level 17 in Earth Magic
  7001 | D        | Paralysed by a floating eye for 4 turns
  7008 | D        | Reached skill level 18 in Earth Magic
  7022 | D        | Noticed Louise
  7024 | D        | Killed Louise
  7035 | D        | Noticed a pearl dragon
  7036 | D        | Killed a pearl dragon
  7036 | D        | Reached skill level 4 in Air Magic
  7040 | D        | Reached skill level 19 in Earth Magic
  7043 | D        | Reached skill level 5 in Air Magic
  7045 | D        | Noticed an ancient lich
  7047 | D        | Killed an ancient lich
  7047 | D        | Reached skill level 8 in Air Magic
  7050 | D        | Noticed a Killer Klown
  7051 | D        | Killed a Killer Klown
  7051 | D        | Reached skill level 10 in Air Magic
  7051 | D        | Reached skill level 20 in Earth Magic
  7058 | D        | Reached skill level 11 in Air Magic
  7086 | D        | Reached skill level 12 in Air Magic
  7086 | D        | Reached skill level 21 in Earth Magic
  7096 | D        | Reached skill level 13 in Air Magic
  7099 | D        | Noticed Ignacio
  7100 | D        | Killed Ignacio
  7100 | D        | Reached skill level 15 in Air Magic
  7100 | D        | Reached skill level 22 in Earth Magic
  7170 | D        | Reached skill level 16 in Air Magic
  7170 | D        | Reached skill level 23 in Earth Magic
  7171 | D        | Noticed an orb of fire
  7172 | D        | Killed an orb of fire
  7177 | D        | Reached skill level 17 in Air Magic
  7180 | D        | Noticed Boris
  7182 | D        | Killed Boris
  7182 | D        | Reached skill level 24 in Earth Magic
  7186 | D        | Reached skill level 18 in Air Magic
  7191 | D        | Reached XP level 21. HP: 122/122 MP: 50/53
  7196 | D        | Noticed Dissolution
  7202 | D        | Killed Dissolution
  7202 | D        | Reached skill level 19 in Air Magic
  7202 | D        | Reached skill level 25 in Earth Magic
  7209 | D        | Noticed a greater mummy
  7210 | D        | Killed a greater mummy
  7210 | D        | Reached skill level 20 in Air Magic
  7214 | D        | Noticed a pearl dragon
  7216 | D        | Killed a pearl dragon
  7288 | D        | Reached skill level 26 in Earth Magic
  7291 | D        | Noticed a pearl dragon
  7292 | D        | Killed a pearl dragon
  7292 | D        | Reached skill level 21 in Air Magic
  7298 | D        | Noticed Frederick
  7304 | D        | Killed Frederick
  7424 | D        | Reached skill level 22 in Air Magic
  7443 | D        | Noticed an ancient lich
  7444 | D        | Killed an ancient lich
  7444 | D        | Reached skill level 23 in Air Magic
  7444 | D        | Reached skill level 27 in Earth Magic
  7457 | D        | Noticed an orb of fire
  7458 | D        | Reached skill level 24 in Air Magic
  7461 | D        | Noticed a pearl dragon
  7461 | D        | Gained mutation: You occasionally shout uncontrollably at your foes. [an orb of fire]
  7462 | D        | Gained mutation: Potions are less effective at restoring your health. [an orb of fire]
  7463 | D        | Killed an orb of fire
  7463 | D        | Reached skill level 25 in Air Magic
  7464 | D        | Killed a pearl dragon
  7464 | D        | Reached skill level 26 in Air Magic
  7526 | D        | Got an iron rune of Zot
  7635 | D        | Reached skill level 27 in Air Magic
  7642 | D        | Noticed a pearl dragon
  7677 | D        | Reached skill level 26 in Hexes
  7691 | D        | Reached skill level 16 in Conjurations
  7691 | D        | Reached skill level 23 in Transmutations
  7691 | D        | Reached skill level 16 in Ice Magic
  7692 | D        | Reached skill level 23 in Translocations
  7693 | D        | Killed a pearl dragon
  7697 | D        | Reached skill level 19 in Evocations
  7752 | D        | Reached XP level 22. HP: 124/124 MP: 18/54
  7777 | D        | Reached skill level 27 in Hexes
  7777 | D        | Reached skill level 24 in Translocations
  7837 | D        | Reached skill level 17 in Conjurations
  7837 | D        | Reached skill level 17 in Ice Magic
  7841 | D        | Reached skill level 24 in Transmutations
  7842 | D        | Reached skill level 20 in Evocations
  7849 | D        | Reached skill level 25 in Translocations
  7853 | D        | Reached skill level 18 in Conjurations
  7853 | D        | Reached skill level 18 in Ice Magic
  7855 | D        | Reached skill level 21 in Evocations
  7861 | D        | Reached skill level 26 in Translocations
  7876 | D        | Reached skill level 25 in Transmutations
  8043 | D        | Reached skill level 19 in Conjurations
  8044 | D        | Reached skill level 19 in Ice Magic
  8046 | D        | Reached skill level 22 in Evocations
  8046 | D        | Reached skill level 27 in Translocations
  8077 | D        | Got a golden rune of Zot
  8244 | D        | Got the Orb of Zot
  8302 | D        | Reached skill level 26 in Transmutations
  8314 | D        | Escaped with the Orb!

Vault maps used:
D:        pitsprint

Skill      XL: |  1  2  3  4  5  6  7  8  9 10 11 12 13 14 15 16 17 18 19 20 21 22 |
---------------+-------------------------------------------------------------------+-----
Fighting       | 2 3 5 6 7 8 10 12 13 15 17 19 23 27 | 27.0
Dodging        | 4 5 6 7 9 11 13 15 17 19 22 24 27 | 27.0
Stealth        | 5 6 7 8 10 12 15 16 19 21 23 26 27 | 27.0
Unarmed Combat | 2 3 4 5 7 8 11 12 14 15 17 19 23 27 | 27.0
Hexes          | 5 7 8 10 11 12 15 16 18 20 25 23 26 27 | 27.0
Spellcasting   | 3 4 5 6 9 10 18 22 27 | 27.0
Conjurations   | 3 7 10 15 13 16 19 | 19.6
Translocations | 5 11 15 22 19 23 27 | 27.0
Evocations     | 3 8 12 18 15 19 22 | 22.5
Ice Magic      | 3 7 10 15 13 16 19 | 19.5
Transmutations | 17 19 22 21 23 26 | 26.0
Summonings     | 15 26 27 | 27.0
Earth Magic    | 10 24 27 | 27.0
Air Magic      | 18 27 | 27.0

Action                   |  1- 3 |  4- 6 |  7- 9 | 10-12 | 13-15 | 16-18 | 19-21 | 22-24 || total
-------------------------+-------+-------+-------+-------+-------+-------+-------+-------++-------
Melee: Unarmed           |    15 |    30 |   111 |    79 |   119 |   142 |   174 |    59 ||   729
       Bite              |     1 |     3 |    10 |     3 |     5 |     1 |     1 |     1 ||    25
       Punch             |       |       |     2 |     1 |       |     1 |     1 |       ||     5
       Tailslap          |       |       |       |       |       |     2 |     1 |     3 ||     6
 Cast: Ensorcelled Hiber |       |     9 |     9 |     2 |       |       |       |       ||    20
       Confuse           |       |       |     1 |       |       |       |       |       ||     1
       Dragon Form       |       |       |       |       |       |     6 |    22 |     5 ||    33
       Dragon's Call     |       |       |       |       |       |       |     4 |       ||     4
Invok: Serpent's Lash    |       |       |     4 |       |     3 |     3 |     3 |       ||    13
       Heaven On Earth   |       |       |     2 |       |       |       |       |       ||     2
  Use: Potion            |     1 |       |     3 |     2 |     6 |     5 |     8 |     1 ||    26
       Scroll            |       |     1 |       |       |     2 |       |     2 |     1 ||     6
 Stab: Sleeping          |     2 |    13 |    14 |     4 |     5 |    21 |    25 |       ||    84
       Confused          |       |       |     1 |       |       |       |       |       ||     1
       Distracted        |       |       |       |       |     3 |     1 |     2 |     1 ||     7
  Eat: Chunk             |       |     3 |    17 |     2 |     4 |     4 |    10 |       ||    40
Armor: Skin              |       |     1 |     1 |       |       |     5 |    27 |    15 ||    49
Dodge: Dodged            |     7 |    18 |   100 |    36 |    34 |    41 |    46 |    26 ||   308

Vault maps used:
D:        pitsprint

Table legend:
 A = Turns spent in this place as a percentage of turns spent in the entire game.
 B = Non-inter-level travel turns spent in this place as a percentage of non-inter-level travel turns spent in the entire game.
 C = Inter-level travel turns spent in this place as a percentage of turns spent in this place.
 D = Turns resting spent in this place as a percentage of non-inter-level travel turns spent in this place.
 E = Turns spent auto-exploring this place as a percentage of non-inter-level travel turns spent in this place.
 F = Non-inter-level travel turns spent in this place divided by the number of levels of this place that you've seen.
                   A       B       C       D       E      F
               +-------+-------+-------+-------+-------+----------------------
         Total | 100.0 | 100.0 |   0.5 |   7.7 |   0.0 | 3952.0
       Dungeon | 100.0 | 100.0 |   0.5 |   7.7 |   0.0 | 3952.0
               +-------+-------+-------+-------+-------+----------------------

Table legend:
 A = Kills in this place as a percentage of kills in entire the game.
 B = Kills by you in this place as a percentage of kills by you in the entire game.
 C = Kills by friends in this place as a percentage of kills by friends in the entire game.
 D = Other kills in this place as a percentage of other kills in the entire game.
 E = Experience gained in this place as a percentage of experience gained in the entire game.
 F = Experience gained in this place divided by the number of levels of this place that you have seen.
                   A       B       C       D       E      F
               +-------+-------+-------+-------+-------+----------------------
         Total | 100.0 | 100.0 | 100.0 |  -nan | 100.0 | 887666.0
       Dungeon | 100.0 | 100.0 | 100.0 |  -nan | 100.0 | 887666.0
               +-------+-------+-------+-------+-------+----------------------
